 Dungeon Crawl Stone Soup version 0.18-a0-211-gcfb53b4 (webtiles) character file.

87 Duffy the Bolt Thrower (level 4, 0/34 HPs)
             Began as a Formicid Hunter on Nov 25, 2015.
             Was an Initiate of Trog.
             Slain by Natasha (4 damage)
             ... on level 2 of the Dungeon.
             The game lasted 00:02:18 (1520 turns).

Duffy the Bolt Thrower (Formicid Hunter)            Turns: 1520, Time: 00:02:18

Health: 0/34       AC:  3    Str: 17    XL:     4   Next: 80%
Magic:  4/4        EV: 10    Int: 10    God:    Trog [......]
Gold:   89         SH:  9    Dex: 12    Spells: 0 memorised, 3 levels left

rFire  . . .     SeeInvis +     a - +1 hand crossbow
rCold  . . .     Clarity  .     c - +0 leather armour
rNeg   . . .     SustAt   .     i - +0 shield
rPois  .         Gourm    .     (helmet unavailable)
rElec  .         Spirit   .     (no cloak)
rCorr  .         Warding  .     (no gloves)
rMut   .         Stasis   +     (no boots)
MR     .....                    (no amulet)
Stlth  +.........               (no ring)
                                (no ring)

@: not resistant to hostile enchantments, very unstealthy
A: permanent stasis, dig shafts and tunnels, four strong arms, antennae 3
a: Dig, Shaft Self, Burn Spellbooks, Renounce Religion


You were on level 2 of the Dungeon.
You worshipped Trog.
Trog was noncommittal.
You were not hungry.

You visited 1 branch of the dungeon, and saw 2 of its levels.

You collected 89 gold pieces.


Innate Abilities, Weirdness & Mutations

You are under a permanent stasis effect.
You can dig through walls and to a lower floor.
Your four strong arms can wield two-handed weapons with a shield.
You have a pair of large antennae on your head (SInv).


   Skills:
 - Level 2.5 Fighting
 - Level 4.0 Crossbows
 - Level 2.2 Dodging
 - Level 1.5 Stealth
 + Level 3.9 Shields


You had 3 spell levels left.
You didn't know any spells.

Inventory:

Hand Weapons
 a - a +1 hand crossbow (weapon)
 b - a +0 short sword
 n - a +1 hand axe of venom
Missiles
 d - 16 bolts (quivered)
 j - 10 bolts of flame
Armour
 c - a +0 leather armour (worn)
 i - a +0 shield (worn)
Scrolls
 f - 2 scrolls of teleportation {unknown}
 g - a scroll of random uselessness {unknown}
 h - a scroll of enchant weapon {unknown}
Potions
 m - a potion of curing {unknown}
 o - a potion of resistance {unknown}
 p - a potion of agility {unknown}
Comestibles
 e - 3 bread rations
 k - a slice of pizza
 l - 4 fruits

Dungeon Overview and Level Annotations

Branches:
Dungeon (2/15)

Altars:
Ashenzari
Cheibriados
Sif Muna
Trog
Vehumet

Annotations:
D:2 Natasha


Message History

The magic dart hits you!
You are too injured to fight recklessly!
You are too injured to fight recklessly!
You hit Natasha.
You kill Natasha!
Trog accepts your kill.
Trog appreciates your killing of a magic user.
Natasha screams in pain as she dies!
Found a scroll labeled HOIMMI YNTONER and a leather armour.
Natasha, Servant of Life and Death comes into view.
You extend your mandibles.
You dig through the rock wall.
You dig through the rock wall.
You dig through the rock wall.
Wield which item (- for none, * to show all)? (? for menu, Esc to quit)
Your +1 hand axe of venom stops dripping with poison.
b - a +0 short sword (weapon)
You are too injured to fight recklessly!
Wield which item (- for none, * to show all)? (? for menu, Esc to quit)
a - a +1 hand crossbow (weapon)
Natasha claws you.
You are too injured to fight recklessly!
Firing (i - inventory. (,) - cycle):
d - 18 bolts (quivered)
Press: ? - help, Shift-Dir - straight line, f - Natasha
Aim: Natasha You shoot a bolt.
The bolt hits Natasha.
Natasha is heavily wounded.
Natasha mumbles some strange words.
Firing (i - inventory. (,) - cycle):
d - 17 bolts (quivered)
Press: ? - help, Shift-Dir - straight line, f/p - Natasha
Aim: Natasha (heavily wounded)
You shoot a bolt. The bolt closely misses Natasha.
Natasha stares at you and mumbles some strange words.
You resist with some effort. Natasha claws you.
You die...

...
....##.#.#####.#
[.
...........##.#
#.#.......#...#.#
#.?.............#
#.....##...###
#....####.##
###h#.## #.#
##h#.#.# #.#
#@#{.#.# ##.##
####.#.# ##...##
#.#.###.#.#.###
#..............
#######.#.#..##
##...#.##
##.##.## #.#...#
#....<.


You could see Natasha.

Action                   |  1- 3 |  4- 6 || total
-------------------------+-------+-------++-------
Melee: Hand axe          |    67 |    14 ||    81
       Short sword       |     2 |       ||     2
 Fire: Hand crossbow     |    19 |     2 ||    21
 Abil: Dig               |       |     1 ||     1
 Stab: Sleeping          |     2 |     1 ||     3
  Eat: Chunk             |       |     2 ||     2

Notes
Turn   | Place    | Note
--------------------------------------------------------------
     0 | D:1      | Duffy the Formicid Hunter began the quest for the Orb.
     0 | D:1      | Reached XP level 1. HP: 16/16 MP: 1/1
    53 | D:1      | Reached XP level 2. HP: 23/23 MP: 2/2
   105 | D:1      | Reached skill level 2 in Dodging
   244 | D:1      | Reached skill level 1 in Shields
   248 | D:1      | Reached XP level 3. HP: 15/28 MP: 3/3
   607 | D:2      | Found a radiant altar of Vehumet.
   628 | D:2      | Found a shattered altar of Ashenzari.
   647 | D:2      | Found a deep blue altar of Sif Muna.
   676 | D:2      | Reached skill level 2 in Shields
  1025 | D:2      | Found a bloodstained altar of Trog.
  1033 | D:2      | Became a worshipper of Trog the Wrathful
  1166 | D:2      | Found a snail-covered altar of Cheibriados.
  1245 | D:2      | Reached skill level 3 in Shields
  1245 | D:2      | Reached XP level 4. HP: 31/34 MP: 4/4
  1492 | D:2      | Noticed Natasha
  1502 | D:2      | Killed Natasha
  1511 | D:2      | Noticed Natasha
  1520 | D:2      | Slain by Natasha

Vault maps used:
D:1:      lightli_arrival_maybe_door_vault, hex_medium, minmay_liquid_box
D:2:      lemuel_doored_altar, vehumet_crystals, old_standard_altar,
          grunt_temple_overflow_open, uniq_natasha

Vanquished Creatures
  Natasha
  2 adders
  An ooze
  2 worms
  A giant gecko
  5 bats
  A giant cockroach
  A goblin
  6 hobgoblins
  4 kobolds
  A quokka
  4 giant newts
  6 rats
35 creatures vanquished.
